 Dungeon Crawl Stone Soup version 0.28-a0-1412-gf95308ed99 (webtiles) character file.

Game seed: 8683571312861553697

489 Gwenloh the Sneak (level 6, -6/32 HPs)
             Began as a Vampire Enchanter on Jan 6, 2022.
             Mangled by a mummy (15 damage)
             ... in an ossuary.
             The game lasted 00:14:31 (3764 turns).

Gwenloh the Sneak (Vampire Enchanter)               Turns: 3764, Time: 00:14:32

Health: -6/32      AC:  3    Str: 13    XL:     6   Next: 90%
Magic:  10/10      EV: 13    Int: 17    God:
Gold:   247        SH:  0    Dex: 17    Spells: 3/11 levels left

rFire   x . .      SeeInvis +   i - +1 dagger (flame)
rCold   + + +      Faith    .   (no shield)
rNeg    + + +      Spirit   .   b - +0 robe
rPois   ∞          Reflect  .   (no helmet)
rElec   .          Harm     .   t - +0 cloak
rCorr   .          Rampage  .   (no gloves)
Will    .....                   (no boots)
Stlth   ++++++....              (no amulet)
HPRegen 0.00/turn               m - +6 ring of strength
MPRegen 0.12/turn               r - ring of ice

@: bloodless, inhibited regen
A: bloodless, fangs 3, see invisible, vampiric 2
a: Bat Form, Revivify


You were in an ossuary.
You visited 1 branch of the dungeon, and saw 4 of its levels.
You also visited: Ossuary.

You collected 247 gold pieces.

Inventory:

Hand Weapons
 a - a +1 dagger
 i - a +1 dagger of flaming (weapon)
Missiles
 d - 27 poisoned darts (quivered)
Armour
 b - a +0 robe (worn)
 t - a +0 cloak (worn)
Jewellery
 m - a +6 ring of strength (left hand)
 r - a ring of ice (right hand)
Wands
 n - a wand of paralysis (6)
 s - a wand of digging (8)
Scrolls
 f - 2 scrolls of teleportation {unknown}
 g - 2 scrolls of amnesia {unknown}
 j - a scroll of noise {unknown}
 o - 5 scrolls of identify {unknown}
 q - a scroll of magic mapping {unknown}
Potions
 c - a potion of invisibility
 e - a potion of curing {unknown}
 h - a potion of ambrosia {unknown}
 k - a potion of flight {unknown}
 l - 2 potions of heal wounds {unknown}


   Skills:
 + Level 2.8 Short Blades
 + Level 3.5 Dodging
 * Level 7.6 Stealth
 + Level 3.0 Spellcasting
 * Level 7.3 Hexes


You had 3 spell levels left.
You knew the following spells:

 Your Spells              Type           Power      Damage    Failure   Level
a - Ensorcelled Hibernat  Hex/Ice        44%        N/A       6%          2
b - Confusing Touch       Hex            27%        N/A       2%          3
c - Tukima's Dance        Hex            27%        N/A       2%          3

Your spell library contained the following spells:

 Spells                   Type           Power      Damage    Failure   Level
 Dazzling Flash           Conj/Hex       30%        N/A       12%         3
 Static Discharge         Conj/Air       2%         N/A       26%         2
 Lightning Bolt           Conj/Air       1%         1d12      99%         5
 Maxwell's Capacitive Co  Air            1%         ∞         100%        8


Dungeon Overview and Level Annotations

Branches:
Dungeon (4/15)            Ossuary (1/1)
 Temple: D:4-7

Altars:
The Shining One

Shops:
D:2 [


Innate Abilities, Weirdness & Mutations

You do not regenerate when monsters are visible.
You are frail without blood (-20% HP).
You can heal yourself when you bite living creatures.
You are immune to poison.
You have razor-sharp teeth.
You have supernaturally acute eyesight. (SInv)
You are afflicted with vampirism and can become a bat while bloodless.


Message History

Ouch! That really hurt!
* * * LOW HITPOINT WARNING * * *
You hit Menkaure. You burn Menkaure.
Menkaure is lightly damaged.
Casting: Confusing Touch (dangerous; 3% risk of failure)
Confirm with . or Enter, or press ? or * to list all spells.
Your hands begin to glow red.
You barely miss Menkaure.
Menkaure is lightly damaged.
Menkaure casts a spell.
Menkaure seems to speed up.
You hit Menkaure but do no damage.
Menkaure is lightly damaged.
Menkaure closely misses you.
You hit Menkaure but do no damage.
Menkaure appears confused.
Menkaure is lightly damaged.
Menkaure completely misses you.
You hit Menkaure. You burn Menkaure.
Menkaure is moderately damaged.
Menkaure misses you. Menkaure hits you.
* * * LOW HITPOINT WARNING * * *
You catch the helpless Menkaure completely off-guard!
You impale Menkaure!! You burn Menkaure.
You destroy Menkaure!
Your Spellcasting skill increases to level 3!
Magic restored.
You start resting.
A mummy comes into view.
You start resting.
A mummy is nearby!
The mummy hits you!
Ouch! That really hurt!
* * * LOW HITPOINT WARNING * * *
You hit the mummy. You burn the mummy.
The mummy is moderately damaged.
You hit the mummy. You burn the mummy. You bite the mummy.
The mummy is heavily damaged.
The mummy hits you!
You die...

##....## ##..##..##
##..####..##
##..######..##
##..##....##..##
##..##..##..##..##
##..##..####..##..##
##..##..##
##..##..##
##..##.@##
##..##..##
##..##.M## ##..##..#
##..##..## ##..##..
##..##..## ##^.##.
##..##..## ##..##
##..##..## ##..#
##..##..## ##..
##..##..## ##.
##..##..## ##


You could see a mummy.

Vanquished Creatures
  Menkaure (Ossuary)
  Crazy Yiuf (D:2)
  A mummy (D:4)
  6 adders (D:2)
  3 worms
  3 dart slugs (D:1)
  An orc (D:4)
  2 ball pythons (D:1)
  10 endoplasms
  4 giant cockroaches
  3 gnoll zombies (Ossuary)
  5 goblins (D:1)
  8 hobgoblins
  6 jackals
  A quokka (D:2)
  3 bats
  4 frilled lizards
  2 gnoll skeletons (Ossuary)
  5 goblin skeletons (Ossuary)
  A goblin zombie (Ossuary)
  A hobgoblin skeleton (Ossuary)
  4 hobgoblin zombies
  4 kobolds
  3 kobold skeletons (Ossuary)
  A kobold zombie (Ossuary)
  5 orc skeletons (Ossuary)
  7 orc zombies (Ossuary)
  5 rats
  5 rat skeletons (Ossuary)
  5 rat zombies (Ossuary)
110 creatures vanquished.

Vanquished Creatures (collateral kills)
  Sigmund (D:2)
1 creature vanquished.

Grand Total: 111 creatures vanquished

Notes
Turn   | Place    | Note
-------+----------+-------------------------------------------
     0 | D:1      | Gwenloh the Vampire Enchanter began the quest for the Orb.
     0 | D:1      | Reached XP level 1. HP: 13/13 MP: 3/3
   419 | D:1      | Reached XP level 2. HP: 19/19 MP: 5/5
   444 | D:1      | Learned a level 2 spell: Ensorcelled Hibernation
   570 | D:1      | Reached skill level 5 in Stealth
   710 | D:1      | Reached skill level 5 in Hexes
   777 | D:1      | Gained mutation: You are afflicted with vampirism and can
                  | become a bat while bloodless. [Vampire growth]
   777 | D:1      | Reached XP level 3. HP: 24/24 MP: 6/6
   860 | D:2      | Noticed Sigmund
   876 | D:2      | Learned a level 3 spell: Tukima's Dance
   998 | D:2      | Killed Sigmund
   999 | D:2      | Reached XP level 4. HP: 29/30 MP: 0/7
   999 | D:2      | Reached XP level 5. HP: 34/35 MP: 0/8
  1072 | D:2      | Learned a level 3 spell: Confusing Touch
  1597 | D:2      | Found a faded altar of an unknown god.
  1655 | D:2      | Found Rapauk's Armour Shop.
  1733 | D:2      | Reached XP level 6. HP: 20/41 MP: 6/10
  1820 | D:2      | Found a runed translucent door.
  1821 | D:2      | Noticed Crazy Yiuf
  2103 | D:2      | Killed Crazy Yiuf
  2769 | D:4      | Found a sand-covered staircase.
  2782 | Ossuary  | Entered an ossuary
  3364 | Ossuary  | Noticed Menkaure
  3517 | Ossuary  | Killed Menkaure
  3764 | Ossuary  | Mangled by a mummy

Illustrated notes

Levels and vault maps discovered:
D:1:      dpeg_arrival_chambers_temple_mockup, layout_basic, nrook_mini_vaults,
          minmay_door_square, minmay_domino_4
D:2:      layout_loops_ring, ebering_ecumenical_altar_sacrificial, basic_altar,
          serial_shops, nicolae_shop_statue_plus, uniq_crazy_yiuf_cottage,
          uniq_sigmund
D:3:      layout_rooms
D:4:      layout_layer_cave, nicolae_ossuary_entry_giza,
          chequers_decorated_corner, uniq_duvessa
Ossuary:  ossuary_due_pyramid

Skill      XL: |  1  2  3  4  5  6 |
---------------+-------------------+-----
Stealth        | 5 6 7 |  7.6
Hexes          | 5 6 7 |  7.3
Short Blades   | 2 |  2.8
Dodging        | 3 |  3.5
Spellcasting   | 3 |  3.0

Action                   |  1- 3 |  4- 6 || total
-------------------------+-------+-------++-------
Melee: Dagger            |    65 |   216 ||   281
       Bite              |     7 |    19 ||    26
Throw: Dart              |    16 |    11 ||    27
 Cast: Ensorcelled Hiber |     1 |     8 ||     9
       Tukima's Dance    |     2 |       ||     2
       Confusing Touch   |       |    11 ||    11
 Abil: Exsanguinate      |       |     1 ||     1
 Stab: Sleeping          |    11 |    21 ||    32
       Confused          |       |     5 ||     5
       Distracted        |       |     1 ||     1
Armor: Robe              |     6 |    28 ||    34
Dodge: Dodged            |    21 |    96 ||   117

Table legend: (Time is in decaauts)
 A = Elapsed time spent in this place.
 B = Non-inter-level travel time spent in this place.
 C = Inter-level travel time spent in this place.
 D = Time resting spent in this place.
 E = Time spent auto-exploring this place.
 F = Levels seen in this place.
 G = Mean time per level.
                   A        B        C        D        E       F      G
               +--------+--------+--------+--------+--------+-----+--------+
         Total |   3730 |   3688 |     42 |    532 |   1754 |   5 |  746.0 |
       Dungeon |   2764 |   2722 |     42 |    138 |   1754 |   4 |  691.0 |
       Ossuary |    966 |    966 |      0 |    394 |      0 |   1 |  966.0 |
               +--------+--------+--------+--------+--------+-----+--------+

Top non-repeatable levels by time:
     D:2: 1314 daAuts
 Ossuary: 966 daAuts
     D:1: 854 daAuts
     D:3: 410 daAuts
     D:4: 186 daAuts
